Workbook

Sheet Свод  по  МО
A1: Сводная оценка качества управления финансами и платежеспособности бюджетов городских округов, муниципальных округов и муниципальных районов Липецкой области за 2024 год
A3: № индикатора | B3: Наименование индикатора | C3: Формула расчета значения индикатора | D3: Минимальный риск неплатежеспособности (наилучший уровень управления бюджетом) - 1 (Vmax) | E3: Максимальный риск неплатежеспособности (наихудший уровень управления бюджетом) - 0 (Vmin) | F3: Вес индикатора | G3: Воловский муниципальный округ | H3: Грязинский муниципальный район | I3: Данковский муниципальный район | J3: Добринский муниципальный район | K3: Добровский муниципальный округ | L3: Долгоруковский муниципальный район | M3: Елецкий муниципальный район | N3: Задонский муниципальный район | O3: Измалковский муниципальный округ | P3: Краснинский муниципальный район | Q3: Лебедянский муниципальный район | R3: Лев-Толстовский муниципальный район | S3: Липецкий муниципальный округ | T3: Становлянский муниципальный округ | U3: Тербунский муниципальный район | V3: Усманский муниципальный район | W3: Хлевенский муниципальный район | X3: Чаплыгинский муниципальный район | Y3: Городской округ город Елец | Z3: Городской округ город Липецк
A4: I. Cоблюдение бюджетного законодательства при осуществлении бюджетного процесса
A5: =[1]Свод!A5 -> И1 | B5: =[1]Свод!B5 -> Соблюдение ограничения дефицита местного бюджета, установленного Бюджетным кодексом Российской Федерации | C5: =[1]Свод!C5 -> V = (A - B - C) - 0,1 x (D - E - F); для муниципального образования, в отношении которого осуществляются меры, предусмотренные пунктом 4 статьи 136 Бюджетного кодекса, V = (A - B - C) - 0,05 x (D - E - F), где: А - размер дефицита местного бюджета; В - объем поступлений от продажи акций и иных форм участия в капитале, находящихся в собственности муниципального образования; С - величина снижения остатков средств на счетах по учету средств местного бюджета; D - объем доходов местного бюджета; Е - объем безвозмездных поступлений местного бюджета; F - объем налоговых доходов местного бюджета по дополнительным нормативам отчислений от налога на доходы физических лиц. Для оперативной оценки учитывается уточненный план, для годовой - исполнение. Нормативное значение V <= 0 | D5: =[1]Свод!D5 -> да | E5: =[1]Свод!E5 -> нет | F5: =[1]Свод!F5 -> 4 | G5: ='[1]Воловский МО '!I5 -> 4 | H5: =[1]Грязинский!I5 -> 4 | I5: =[1]Данковский!I5 -> 4 | J5: =[1]Добринский!I5 -> 4 | K5: ='[1]Добровский МО'!I5 -> 4 | L5: =[1]Долгоруковский!I5 -> 4 | M5: =[1]Елецкий!I5 -> 4 | N5: =[1]Задонский!I5 -> 4 | O5: ='[1]Измалковский МО'!I5 -> 4 | P5: =[1]Краснинский!I5 -> 4 | Q5: =[1]Лебедянский!I5 -> 4 | R5: ='[1]Лев-Толстовский'!I5 -> 4 | S5: ='[1]Липецкий МО'!I5 -> 4 | T5: ='[1]Становлянский МО'!I5 -> 4 | U5: =[1]Тербунский!I5 -> 4 | V5: =[1]Усманский!I5 -> 4 | W5: =[1]Хлевенский!I5 -> 4 | X5: =[1]Чаплыгинский!I5 -> 4 | Y5: =[1]г.Елец!I5 -> 4 | Z5: =[1]г.Липецк!I5 -> 4
A6: =[1]Свод!A6 -> И2 | B6: =[1]Свод!B6 -> Соблюдение ограничения на объем муниципальных заимствований, установленного Бюджетным кодексом Российской Федерации | C6: =[1]Свод!C6 -> V = А - (В + С), где: А - объем муниципальных заимствований; В - объем дефицита местного бюджета; С - объем погашения долговых обязательств муниципального образования. Если в местном бюджете есть профицит, то В = 0. Для оперативной оценки учитывается уточненный план, для годовой - исполнение. Нормативное значение V < 0 | D6: =[1]Свод!D6 -> да | E6: =[1]Свод!E6 -> нет | F6: =[1]Свод!F6 -> 4 | G6: ='[1]Воловский МО '!I6 -> 4 | H6: =[1]Грязинский!I6 -> 4 | I6: =[1]Данковский!I6 -> 4 | J6: =[1]Добринский!I6 -> 4 | K6: ='[1]Добровский МО'!I6 -> 4 | L6: =[1]Долгоруковский!I6 -> 4 | M6: =[1]Елецкий!I6 -> 4 | N6: =[1]Задонский!I6 -> 4 | O6: ='[1]Измалковский МО'!I6 -> 4 | P6: =[1]Краснинский!I6 -> 4 | Q6: =[1]Лебедянский!I6 -> 4 | R6: ='[1]Лев-Толстовский'!I6 -> 4 | S6: ='[1]Липецкий МО'!I6 -> 4 | T6: ='[1]Становлянский МО'!I6 -> 4 | U6: =[1]Тербунский!I6 -> 4 | V6: =[1]Усманский!I6 -> 4 | W6: =[1]Хлевенский!I6 -> 4 | X6: =[1]Чаплыгинский!I6 -> 4 | Y6: =[1]г.Елец!I6 -> 4 | Z6: =[1]г.Липецк!I6 -> 4
A7: =[1]Свод!A7 -> И3 | B7: =[1]Свод!B7 -> Соблюдение ограничения на верхний предел муниципального долга, установленного Бюджетным кодексом Российской Федерации | C7: =[1]Свод!C7 -> V = А - (В - С - D); для муниципального образования, в отношении которого осуществляются меры, предусмотренные пунктом 4 статьи 136 Бюджетного кодекса, V = А - 0,5 x (В - С - D), где: А - верхний предел муниципального долга муниципального образования на 1 января года, следующего за отчетным; В - уточненный годовой план доходов местного бюджета; С - уточненный годовой план безвозмездных поступлений местного бюджета; D - уточненный годовой план налоговых доходов местного бюджета по дополнительным нормативам отчислений от налога на доходы физических лиц. Для оперативной оценки учитывается уточненный план, для годовой - исполнение. Нормативное значение V <= 0 | D7: =[1]Свод!D7 -> да | E7: =[1]Свод!E7 -> нет | F7: =[1]Свод!F7 -> 4 | G7: ='[1]Воловский МО '!I7 -> 4 | H7: =[1]Грязинский!I7 -> 4 | I7: =[1]Данковский!I7 -> 4 | J7: =[1]Добринский!I7 -> 4 | K7: ='[1]Добровский МО'!I7 -> 4 | L7: =[1]Долгоруковский!I7 -> 4 | M7: =[1]Елецкий!I7 -> 4 | N7: =[1]Задонский!I7 -> 4 | O7: ='[1]Измалковский МО'!I7 -> 4 | P7: =[1]Краснинский!I7 -> 4 | Q7: =[1]Лебедянский!I7 -> 4 | R7: ='[1]Лев-Толстовский'!I7 -> 4 | S7: ='[1]Липецкий МО'!I7 -> 4 | T7: ='[1]Становлянский МО'!I7 -> 4 | U7: =[1]Тербунский!I7 -> 4 | V7: =[1]Усманский!I7 -> 4 | W7: =[1]Хлевенский!I7 -> 4 | X7: =[1]Чаплыгинский!I7 -> 4 | Y7: =[1]г.Елец!I7 -> 4 | Z7: =[1]г.Липецк!I7 -> 4
A8: =[1]Свод!A8 -> И4 | B8: =[1]Свод!B8 -> Соблюдение ограничения расходов на обслуживание муниципального долга, установленного Бюджетным кодексом Российской Федерации | C8: =[1]Свод!C8 -> V = (А / В x 100) - 100, где: А - объем расходов на обслуживание муниципального долга; В - объем расходов местного бюджета без учета субвенций от других бюджетов бюджетной системы Российской Федерации. Для оперативной оценки учитывается уточненный план, для годовой - исполнение. Нормативное значение V < 15% | D8: =[1]Свод!D8 -> да | E8: =[1]Свод!E8 -> нет | F8: =[1]Свод!F8 -> 4 | G8: ='[1]Воловский МО '!I8 -> 4 | H8: =[1]Грязинский!I8 -> 4 | I8: =[1]Данковский!I8 -> 4 | J8: =[1]Добринский!I8 -> 4 | K8: ='[1]Добровский МО'!I8 -> 4 | L8: =[1]Долгоруковский!I8 -> 4 | M8: =[1]Елецкий!I8 -> 4 | N8: =[1]Задонский!I8 -> 4 | O8: ='[1]Измалковский МО'!I8 -> 4 | P8: =[1]Краснинский!I8 -> 4 | Q8: =[1]Лебедянский!I8 -> 4 | R8: ='[1]Лев-Толстовский'!I8 -> 4 | S8: ='[1]Липецкий МО'!I8 -> 4 | T8: ='[1]Становлянский МО'!I8 -> 4 | U8: =[1]Тербунский!I8 -> 4 | V8: =[1]Усманский!I8 -> 4 | W8: =[1]Хлевенский!I8 -> 4 | X8: =[1]Чаплыгинский!I8 -> 4 | Y8: =[1]г.Елец!I8 -> 4 | Z8: =[1]г.Липецк!I8 -> 4
A9: =[1]Свод!A9 -> И5 | B9: =[1]Свод!B9 -> Соблюдение установленных нормативов формирования расходов на оплату труда депутатов, выборных должностных лиц местного самоуправления, осуществляющих свои полномочия на постоянной основе, должностных лиц контрольно-счетного органа муниципального образования, муниципальных служащих Липецкой области | C9: =[1]Свод!C9 -> Муниципальным образованием в отчетном году соблюдался установленный норматив формирования расходов на оплату труда депутатов, выборных должностных лиц местного самоуправления, осуществляющих свои полномочия на постоянной основе, должностных лиц контрольно-счетного органа муниципального образования, муниципальных служащих Липецкой области | D9: =[1]Свод!D9 -> да | E9: =[1]Свод!E9 -> нет | F9: =[1]Свод!F9 -> 5 | G9: ='[1]Воловский МО '!I9 -> 5 | H9: =[1]Грязинский!I9 -> 5 | I9: =[1]Данковский!I9 -> 5 | J9: =[1]Добринский!I9 -> 5 | K9: ='[1]Добровский МО'!I9 -> 5 | L9: =[1]Долгоруковский!I9 -> 5 | M9: =[1]Елецкий!I9 -> 5 | N9: =[1]Задонский!I9 -> 5 | O9: ='[1]Измалковский МО'!I9 -> 5 | P9: =[1]Краснинский!I9 -> 5 | Q9: =[1]Лебедянский!I9 -> 5 | R9: ='[1]Лев-Толстовский'!I9 -> 5 | S9: ='[1]Липецкий МО'!I9 -> 5 | T9: ='[1]Становлянский МО'!I9 -> 5 | U9: =[1]Тербунский!I9 -> 5 | V9: =[1]Усманский!I9 -> 5 | W9: =[1]Хлевенский!I9 -> 5 | X9: =[1]Чаплыгинский!I9 -> 5 | Y9: =[1]г.Елец!I9 -> 5 | Z9: =[1]г.Липецк!I9 -> 5
B10: Итого по блоку | F10: ='[1]Воловский МО '!H10 -> 21 | G10: ='[1]Воловский МО '!I10 -> 21 | H10: =[1]Грязинский!I10 -> 21 | I10: =[1]Данковский!I10 -> 21 | J10: =[1]Добринский!I10 -> 21 | K10: ='[1]Добровский МО'!I10 -> 21 | L10: =[1]Долгоруковский!I10 -> 21 | M10: =[1]Елецкий!I10 -> 21 | N10: =[1]Задонский!I10 -> 21 | O10: ='[1]Измалковский МО'!I10 -> 21 | P10: =[1]Краснинский!I10 -> 21 | Q10: =[1]Лебедянский!I10 -> 21 | R10: ='[1]Лев-Толстовский'!I10 -> 21 | S10: ='[1]Липецкий МО'!I10 -> 21 | T10: ='[1]Становлянский МО'!I10 -> 21 | U10: =[1]Тербунский!I10 -> 21 | V10: =[1]Усманский!I10 -> 21 | W10: =[1]Хлевенский!I10 -> 21 | X10: =[1]Чаплыгинский!I10 -> 21 | Y10: =[1]г.Елец!I10 -> 21 | Z10: =[1]г.Липецк!I10 -> 21 | AA10: =SUM(G10:Z10) -> 420
A11: II. Качество бюджетного планирования
A12: =[1]Свод!A12 -> И6 | B12: =[1]Свод!B12 -> Исполнение местного бюджета по налоговым и неналоговым доходам к первоначально утвержденному объему | C12: =[1]Свод!C12 -> V = ((А / В) x 100) - 100, где: А - фактически поступившие налоговые и неналоговые доходы местного бюджета за отчетный год; В - объем первоначально утвержденных решением о местном бюджете налоговых и неналоговых доходов; | D12: =[1]Свод!D12 -> 120 | E12: =[1]Свод!E12 -> менее 100% и свыше 120% | F12: =[1]Свод!F12 -> 5 | G12: ='[1]Воловский МО '!I12 -> 0 | H12: =[1]Грязинский!I12 -> 0 | I12: =[1]Данковский!I12 -> 0 | J12: =[1]Добринский!I12 -> 0 | K12: ='[1]Добровский МО'!I12 -> 0 | L12: =[1]Долгоруковский!I12 -> 3.7625 | M12: =[1]Елецкий!I12 -> 0 | N12: =[1]Задонский!I12 -> 0 | O12: ='[1]Измалковский МО'!I12 -> 4.8475 | P12: =[1]Краснинский!I12 -> 0 | Q12: =[1]Лебедянский!I12 -> 0 | R12: ='[1]Лев-Толстовский'!I12 -> 1.89225 | S12: ='[1]Липецкий МО'!I12 -> 0 | T12: ='[1]Становлянский МО'!I12 -> 0 | U12: =[1]Тербунский!I12 -> 0 | V12: =[1]Усманский!I12 -> 0 | W12: =[1]Хлевенский!I12 -> 0 | X12: =[1]Чаплыгинский!I12 -> 0 | Y12: =[1]г.Елец!I12 -> 4.8525 | Z12: =[1]г.Липецк!I12 -> 0
A13: =[1]Свод!A13 -> И7 | B13: =[1]Свод!B13 -> Удельный вес расходов местного бюджета, формируемых в рамках программ в общем объеме расходов местного бюджета | C13: =[1]Свод!C13 -> V = А / В x 100, где: А - фактический объем расходов местного бюджета, формируемый в рамках программ; В - фактический объем расходов местного бюджета | D13: =[1]Свод!D13 -> 90 | E13: =[1]Свод!E13 -> 80 | F13: =[1]Свод!F13 -> 5 | G13: ='[1]Воловский МО '!I13 -> 5 | H13: =[1]Грязинский!I13 -> 5 | I13: =[1]Данковский!I13 -> 5 | J13: =[1]Добринский!I13 -> 5 | K13: ='[1]Добровский МО'!I13 -> 5 | L13: =[1]Долгоруковский!I13 -> 5 | M13: =[1]Елецкий!I13 -> 5 | N13: =[1]Задонский!I13 -> 2.895 | O13: ='[1]Измалковский МО'!I13 -> 5 | P13: =[1]Краснинский!I13 -> 5 | Q13: =[1]Лебедянский!I13 -> 5 | R13: ='[1]Лев-Толстовский'!I13 -> 5 | S13: ='[1]Липецкий МО'!I13 -> 5 | T13: ='[1]Становлянский МО'!I13 -> 5 | U13: =[1]Тербунский!I13 -> 5 | V13: =[1]Усманский!I13 -> 5 | W13: =[1]Хлевенский!I13 -> 5 | X13: =[1]Чаплыгинский!I13 -> 5 | Y13: =[1]г.Елец!I13 -> 5 | Z13: =[1]г.Липецк!I13 -> 5
A14: =[1]Свод!A14 -> И8 | B14: =[1]Свод!B14 -> Удельный вес муниципальных учреждений в муниципальном образовании, выполнивших муниципальное задание не менее чем на 100%, в общем количестве муниципальных учреждений муниципального образования, которым установлены муниципальные задания | C14: =[1]Свод!C14 -> V = А / В, где: А - количество муниципальных учреждений в муниципальном образовании, выполнивших муниципальное задание на 100% в отчетном финансовом году; В - общее количество муниципальных учреждений в муниципальном образовании, которым установлены муниципальные задания в отчетном финансовом году | D14: =[1]Свод!D14 -> 100 | E14: =[1]Свод!E14 -> 90 | F14: =[1]Свод!F14 -> 5 | G14: ='[1]Воловский МО '!I14 -> 5 | H14: =[1]Грязинский!I14 -> 5 | I14: =[1]Данковский!I14 -> 5 | J14: =[1]Добринский!I14 -> 5 | K14: ='[1]Добровский МО'!I14 -> 5 | L14: =[1]Долгоруковский!I14 -> 5 | M14: =[1]Елецкий!I14 -> 5 | N14: =[1]Задонский!I14 -> 5 | O14: ='[1]Измалковский МО'!I14 -> 5 | P14: =[1]Краснинский!I14 -> 5 | Q14: =[1]Лебедянский!I14 -> 5 | R14: ='[1]Лев-Толстовский'!I14 -> 5 | S14: ='[1]Липецкий МО'!I14 -> 5 | T14: ='[1]Становлянский МО'!I14 -> 5 | U14: =[1]Тербунский!I14 -> 5 | V14: =[1]Усманский!I14 -> 5 | W14: =[1]Хлевенский!I14 -> 5 | X14: =[1]Чаплыгинский!I14 -> 5 | Y14: =[1]г.Елец!I14 -> 5 | Z14: =[1]г.Липецк!I14 -> 5
A15: =[1]Свод!A15 -> И9 | B15: =[1]Свод!B15 -> Уровень долговой нагрузки на местный бюджет | C15: =[1]Свод!C15 -> V = А / (В - С - D) x 100, где: А - объем муниципального долга местного бюджета на первое число месяца, следующего за отчетным периодом; В - объем доходов местного бюджета; С - объем безвозмездных поступлений местного бюджета; D - объем поступлений налоговых доходов по дополнительным нормативам отчислений. Для оперативной оценки учитывается уточненный план, для годовой - исполнение | D15: =[1]Свод!D15 -> 0 | E15: =[1]Свод!E15 -> 85 | F15: =[1]Свод!F15 -> 5 | G15: ='[1]Воловский МО '!I15 -> 5 | H15: =[1]Грязинский!I15 -> 5 | I15: =[1]Данковский!I15 -> 5 | J15: =[1]Добринский!I15 -> 5 | K15: ='[1]Добровский МО'!I15 -> 5 | L15: =[1]Долгоруковский!I15 -> 5 | M15: =[1]Елецкий!I15 -> 5 | N15: =[1]Задонский!I15 -> 5 | O15: ='[1]Измалковский МО'!I15 -> 5 | P15: =[1]Краснинский!I15 -> 5 | Q15: =[1]Лебедянский!I15 -> 5 | R15: ='[1]Лев-Толстовский'!I15 -> 5 | S15: ='[1]Липецкий МО'!I15 -> 5 | T15: ='[1]Становлянский МО'!I15 -> 5 | U15: =[1]Тербунский!I15 -> 5 | V15: =[1]Усманский!I15 -> 5 | W15: =[1]Хлевенский!I15 -> 5 | X15: =[1]Чаплыгинский!I15 -> 5 | Y15: =[1]г.Елец!I15 -> 4.3764706 | Z15: =[1]г.Липецк!I15 -> 3.1264706
A16: =[1]Свод!A16 -> И10 | B16: =[1]Свод!B16 -> Доля расходов на оплату труда работников административно-управленческого и вспомогательного персонала в фонде начисленной заработной платы труда работников организаций дошкольного и общего образования | C16: =[1]Свод!C16 -> V = (A / B) * 100, где: A - расходы на заработную плату за счет местного бюджета работников административно-управленческого и вспомогательного персонала организаций дошкольного и общего образования; B - общие расходы на заработную плату за счет местного бюджета работников организаций дошкольного и общего образования. Для оперативной оценки учитывается уточненный план, для годовой - исполнение. | D16: =[1]Свод!D16 -> 36 | E16: =[1]Свод!E16 -> 40 | F16: =[1]Свод!F16 -> 5 | G16: ='[1]Воловский МО '!I16 -> 5 | H16: =[1]Грязинский!I16 -> 5 | I16: =[1]Данковский!I16 -> 5 | J16: =[1]Добринский!I16 -> 5 | K16: ='[1]Добровский МО'!I16 -> 4.7375 | L16: =[1]Долгоруковский!I16 -> 5 | M16: =[1]Елецкий!I16 -> 5 | N16: =[1]Задонский!I16 -> 4.8625 | O16: ='[1]Измалковский МО'!I16 -> 0 | P16: =[1]Краснинский!I16 -> 5 | Q16: =[1]Лебедянский!I16 -> 5 | R16: ='[1]Лев-Толстовский'!I16 -> 5 | S16: ='[1]Липецкий МО'!I16 -> 5 | T16: ='[1]Становлянский МО'!I16 -> 5 | U16: =[1]Тербунский!I16 -> 5 | V16: =[1]Усманский!I16 -> 1.5625 | W16: =[1]Хлевенский!I16 -> 5 | X16: =[1]Чаплыгинский!I16 -> 5 | Y16: =[1]г.Елец!I16 -> 5 | Z16: =[1]г.Липецк!I16 -> 4.0625
B17: Итого по блоку | F17: ='[1]Воловский МО '!H17 -> 25 | G17: ='[1]Воловский МО '!I17 -> 20 | H17: =[1]Грязинский!I17 -> 20 | I17: =[1]Данковский!I17 -> 20 | J17: =[1]Добринский!I17 -> 20 | K17: ='[1]Добровский МО'!I17 -> 19.7375 | L17: =[1]Долгоруковский!I17 -> 23.7625 | M17: =[1]Елецкий!I17 -> 20 | N17: =[1]Задонский!I17 -> 17.7575 | O17: ='[1]Измалковский МО'!I17 -> 19.8475 | P17: =[1]Краснинский!I17 -> 20 | Q17: =[1]Лебедянский!I17 -> 20 | R17: ='[1]Лев-Толстовский'!I17 -> 21.89225 | S17: ='[1]Липецкий МО'!I17 -> 20 | T17: ='[1]Становлянский МО'!I17 -> 20 | U17: =[1]Тербунский!I17 -> 20 | V17: =[1]Усманский!I17 -> 16.5625 | W17: =[1]Хлевенский!I17 -> 20 | X17: =[1]Чаплыгинский!I17 -> 20 | Y17: =[1]г.Елец!I17 -> 24.228971 | Z17: =[1]г.Липецк!I17 -> 17.188971 | AA17: =SUM(G17:Z17) -> 400.97769
A18: III. Качество исполнения бюджета
A19: =[1]Свод!A19 -> И11 | B19: =[1]Свод!B19 -> Зависимость местного бюджета от финансовой помощи | C19: =[1]Свод!C19 -> V = А / В x 100, где: А - фактически поступившие доходы местного бюджета в виде дотаций от других бюджетов бюджетной системы Российской Федерации (без учета дотаций местным бюджетам, предоставленных в целях содействия достижению и (или) поощрения достижения наилучших значений показателей, в том числе показателей социально-экономического развития муниципальных образований, и (или) поощрения за лучшие практики деятельности органов местного самоуправления) и налоговых доходов по дополнительным нормативам отчислений за отчетный год; В - фактический объем доходов местного бюджета в отчетном финансовом году без учета субвенций от других бюджетов бюджетной системы Российской Федерации | D19: =[1]Свод!D19 -> 30 | E19: =[1]Свод!E19 -> 80 | F19: =[1]Свод!F19 -> 5 | G19: ='[1]Воловский МО '!I19 -> 2.71 | H19: =[1]Грязинский!I19 -> 4.366 | I19: =[1]Данковский!I19 -> 3.693 | J19: =[1]Добринский!I19 -> 5 | K19: ='[1]Добровский МО'!I19 -> 4.913 | L19: =[1]Долгоруковский!I19 -> 3.435 | M19: =[1]Елецкий!I19 -> 2.133 | N19: =[1]Задонский!I19 -> 3.451 | O19: ='[1]Измалковский МО'!I19 -> 3.495 | P19: =[1]Краснинский!I19 -> 2.353 | Q19: =[1]Лебедянский!I19 -> 4.107 | R19: ='[1]Лев-Толстовский'!I19 -> 1.912 | S19: ='[1]Липецкий МО'!I19 -> 4.837 | T19: ='[1]Становлянский МО'!I19 -> 3.082 | U19: =[1]Тербунский!I19 -> 2.778 | V19: =[1]Усманский!I19 -> 2.908 | W19: =[1]Хлевенский!I19 -> 2.669 | X19: =[1]Чаплыгинский!I19 -> 4.205 | Y19: =[1]г.Елец!I19 -> 3.447 | Z19: =[1]г.Липецк!I19 -> 4.953
A20: =[1]Свод!A20 -> И12 | B20: =[1]Свод!B20 -> Отклонение объема расходов местного бюджета в IV квартале от годового объема расходов (без учета целевых межбюджетных трансфертов) | C20: =[1]Свод!C20 -> V = Р4 / (Р1 + Р2 + Р3 + Р4) x 100, где: Р1, Р2, Р3, Р4 - объем фактических расходов местного бюджета в I, II, III и IV кварталах отчетного финансового года соответственно без учета межбюджетных трансфертов, имеющих целевое назначение (субсидии, субвенции, иные межбюджетные трансферты, прочие безвозмездные поступления от других бюджетов бюджетной системы) | D20: =[1]Свод!D20 -> 25 | E20: =[1]Свод!E20 -> 40 | F20: =[1]Свод!F20 -> 5 | G20: ='[1]Воловский МО '!I20 -> 3.1633333 | H20: =[1]Грязинский!I20 -> 5 | I20: =[1]Данковский!I20 -> 1.47 | J20: =[1]Добринский!I20 -> 2.4833333 | K20: ='[1]Добровский МО'!I20 -> 1.1433333 | L20: =[1]Долгоруковский!I20 -> 3.6733333 | M20: =[1]Елецкий!I20 -> 1.63 | N20: =[1]Задонский!I20 -> 0.23666667 | O20: ='[1]Измалковский МО'!I20 -> 0 | P20: =[1]Краснинский!I20 -> 1.6933333 | Q20: =[1]Лебедянский!I20 -> 0 | R20: ='[1]Лев-Толстовский'!I20 -> 1.08 | S20: ='[1]Липецкий МО'!I20 -> 1.52 | T20: ='[1]Становлянский МО'!I20 -> 1.11 | U20: =[1]Тербунский!I20 -> 2.64 | V20: =[1]Усманский!I20 -> 2.51 | W20: =[1]Хлевенский!I20 -> 2.2633333 | X20: =[1]Чаплыгинский!I20 -> 3.03 | Y20: =[1]г.Елец!I20 -> 2.4266667 | Z20: =[1]г.Липецк!I20 -> 1.51
A21: =[1]Свод!A21 -> И13 | B21: =[1]Свод!B21 -> Отсутствие просроченной кредиторской задолженности местного бюджета и муниципальных учреждений | C21: =[1]Свод!C21 -> Согласно отчетности об исполнении местного бюджета муниципальное образование не имеет просроченной кредиторской задолженности | D21: =[1]Свод!D21 -> да | E21: =[1]Свод!E21 -> нет | F21: =[1]Свод!F21 -> 3.5 | G21: ='[1]Воловский МО '!I21 -> 3.5 | H21: =[1]Грязинский!I21 -> 3.5 | I21: =[1]Данковский!I21 -> 3.5 | J21: =[1]Добринский!I21 -> 3.5 | K21: ='[1]Добровский МО'!I21 -> 3.5 | L21: =[1]Долгоруковский!I21 -> 3.5 | M21: =[1]Елецкий!I21 -> 3.5 | N21: =[1]Задонский!I21 -> 3.5 | O21: ='[1]Измалковский МО'!I21 -> 3.5 | P21: =[1]Краснинский!I21 -> 3.5 | Q21: =[1]Лебедянский!I21 -> 3.5 | R21: ='[1]Лев-Толстовский'!I21 -> 3.5 | S21: ='[1]Липецкий МО'!I21 -> 3.5 | T21: ='[1]Становлянский МО'!I21 -> 3.5 | U21: =[1]Тербунский!I21 -> 3.5 | V21: =[1]Усманский!I21 -> 3.5 | W21: =[1]Хлевенский!I21 -> 3.5 | X21: =[1]Чаплыгинский!I21 -> 3.5 | Y21: =[1]г.Елец!I21 -> 3.5 | Z21: =[1]г.Липецк!I21 -> 3.5
A22: =[1]Свод!A22 -> И14 | B22: =[1]Свод!B22 -> Динамика роста налоговых и неналоговых доходов местного бюджета по сравнению с предыдущим годом в сопоставимых условиях | C22: =[1]Свод!C22 -> V = ((А - С) / (В - С)) x 100, где: А - фактически поступившие налоговые и неналоговые доходы местного бюджета за отчетный год; В - фактически поступившие налоговые и неналоговые доходы местного бюджета за год, предшествующий отчетному, в условиях отчетного года; С - фактически поступивший налог на доходы физических лиц в связи с введением прогрессивной шкалы налогообложения, а также в отношении доходов, полученных от долевого участия в организациях в виде дивидендов | D22: =[1]Свод!D22 -> 105 | E22: =[1]Свод!E22 -> 95 | F22: =[1]Свод!F22 -> 5 | G22: ='[1]Воловский МО '!I22 -> 5 | H22: =[1]Грязинский!I22 -> 5 | I22: =[1]Данковский!I22 -> 5 | J22: =[1]Добринский!I22 -> 5 | K22: ='[1]Добровский МО'!I22 -> 5 | L22: =[1]Долгоруковский!I22 -> 5 | M22: =[1]Елецкий!I22 -> 5 | N22: =[1]Задонский!I22 -> 5 | O22: ='[1]Измалковский МО'!I22 -> 5 | P22: =[1]Краснинский!I22 -> 5 | Q22: =[1]Лебедянский!I22 -> 5 | R22: ='[1]Лев-Толстовский'!I22 -> 5 | S22: ='[1]Липецкий МО'!I22 -> 5 | T22: ='[1]Становлянский МО'!I22 -> 5 | U22: =[1]Тербунский!I22 -> 5 | V22: =[1]Усманский!I22 -> 5 | W22: =[1]Хлевенский!I22 -> 5 | X22: =[1]Чаплыгинский!I22 -> 5 | Y22: =[1]г.Елец!I22 -> 5 | Z22: =[1]г.Липецк!I22 -> 5
A23: =[1]Свод!A23 -> И15 | B23: =[1]Свод!B23 -> Наличие результатов оценки качества финансового менеджмента главных распорядителей средств местного бюджета и формирование их ежегодного рейтинга на основе порядка, утвержденного нормативным правовым актом финансового органа муниципального образования, размещение рейтинга на официальном сайте администрации муниципального образования в сети "Интернет" | C23: =[1]Свод!C23 -> В отчетном году в муниципальном образовании проводилась оценка качества финансового менеджмента главных распорядителей средств местного бюджета за год, предшествующий отчетному, рейтинг имеется и размещен на официальном сайте администрации муниципального образования в сети Интернет | D23: =[1]Свод!D23 -> да | E23: =[1]Свод!E23 -> нет | F23: =[1]Свод!F23 -> 3.5 | G23: ='[1]Воловский МО '!I23 -> 3.5 | H23: =[1]Грязинский!I23 -> 3.5 | I23: =[1]Данковский!I23 -> 3.5 | J23: =[1]Добринский!I23 -> 3.5 | K23: ='[1]Добровский МО'!I23 -> 3.5 | L23: =[1]Долгоруковский!I23 -> 3.5 | M23: =[1]Елецкий!I23 -> 3.5 | N23: =[1]Задонский!I23 -> 3.5 | O23: ='[1]Измалковский МО'!I23 -> 3.5 | P23: =[1]Краснинский!I23 -> 3.5 | Q23: =[1]Лебедянский!I23 -> 3.5 | R23: ='[1]Лев-Толстовский'!I23 -> 3.5 | S23: ='[1]Липецкий МО'!I23 -> 3.5 | T23: ='[1]Становлянский МО'!I23 -> 3.5 | U23: =[1]Тербунский!I23 -> 3.5 | V23: =[1]Усманский!I23 -> 3.5 | W23: =[1]Хлевенский!I23 -> 3.5 | X23: =[1]Чаплыгинский!I23 -> 3.5 | Y23: =[1]г.Елец!I23 -> 3.5 | Z23: =[1]г.Липецк!I23 -> 3.5
A24: =[1]Свод!A24 -> И16 | B24: =[1]Свод!B24 -> Участие муниципального образования во всероссийском конкурсе «Лучшее муниципальное образование России в сфере управления общественными финансами», или конкурсе проектов «Бюджет для граждан», или иных конкурсах в сфере финансов и бюджетной политики федерального уровня | C24: =[1]Свод!C24 -> В отчетном году муниципальное образование принимало участие во всероссийском конкурсе "Лучшее муниципальное образование России в сфере управления общественными финансами", или конкурсе проектов "Бюджет для граждан", или иных конкурсах в сфере финансов и бюджетной политики федерального уровня | D24: =[1]Свод!D24 -> да | E24: =[1]Свод!E24 -> нет | F24: =[1]Свод!F24 -> 1 | G24: ='[1]Воловский МО '!I24 -> 0 | H24: =[1]Грязинский!I24 -> 0 | I24: =[1]Данковский!I24 -> 0 | J24: =[1]Добринский!I24 -> 1 | K24: ='[1]Добровский МО'!I24 -> 0 | L24: =[1]Долгоруковский!I24 -> 0 | M24: =[1]Елецкий!I24 -> 1 | N24: =[1]Задонский!I24 -> 0 | O24: ='[1]Измалковский МО'!I24 -> 0 | P24: =[1]Краснинский!I24 -> 0 | Q24: =[1]Лебедянский!I24 -> 0 | R24: ='[1]Лев-Толстовский'!I24 -> 0 | S24: ='[1]Липецкий МО'!I24 -> 1 | T24: ='[1]Становлянский МО'!I24 -> 0 | U24: =[1]Тербунский!I24 -> 0 | V24: =[1]Усманский!I24 -> 1 | W24: =[1]Хлевенский!I24 -> 1 | X24: =[1]Чаплыгинский!I24 -> 1 | Y24: =[1]г.Елец!I24 -> 1 | Z24: =[1]г.Липецк!I24 -> 1
A25: =[1]Свод!A25 -> И17 | B25: =[1]Свод!B25 -> Признание муниципального образования победителем всероссийского конкурса «Лучшее муниципальное образование России в сфере управления общественными финансами», или конкурса проектов «Бюджет для граждан», или иных конкурсов в сфере финансов и бюджетной политики федерального уровня | C25: =[1]Свод!C25 -> В отчетном году муниципальное образование являлось победителем всероссийского конкурса "Лучшее муниципальное образование России в сфере управления общественными финансами", или конкурса проектов "Бюджет для граждан", или иных конкурсов в сфере финансов и бюджетной политики федерального уровня | D25: =[1]Свод!D25 -> да | E25: =[1]Свод!E25 -> нет | F25: =[1]Свод!F25 -> 1 | G25: ='[1]Воловский МО '!I25 -> 0 | H25: =[1]Грязинский!I25 -> 0 | I25: =[1]Данковский!I25 -> 0 | J25: =[1]Добринский!I25 -> 1 | K25: ='[1]Добровский МО'!I25 -> 0 | L25: =[1]Долгоруковский!I25 -> 0 | M25: =[1]Елецкий!I25 -> 0 | N25: =[1]Задонский!I25 -> 0 | O25: ='[1]Измалковский МО'!I25 -> 0 | P25: =[1]Краснинский!I25 -> 0 | Q25: =[1]Лебедянский!I25 -> 0 | R25: ='[1]Лев-Толстовский'!I25 -> 0 | S25: ='[1]Липецкий МО'!I25 -> 0 | T25: ='[1]Становлянский МО'!I25 -> 0 | U25: =[1]Тербунский!I25 -> 0 | V25: =[1]Усманский!I25 -> 1 | W25: =[1]Хлевенский!I25 -> 0 | X25: =[1]Чаплыгинский!I25 -> 0 | Y25: =[1]г.Елец!I25 -> 0 | Z25: =[1]г.Липецк!I25 -> 1
A26: =[1]Свод!A26 -> И18 | B26: =[1]Свод!B26 -> Проведение оценки эффективности налоговых льгот (пониженных ставок по налогам), предоставленных органами местного самоуправления муниципального образования | C26: =[1]Свод!C26 -> В отчетном году в муниципальном образовании проведена оценка эффективности налоговых льгот (пониженных ставок по налогам), предоставленных органами местного самоуправления муниципального образования, результаты оценки предоставлены в управление финансов Липецкой области | D26: =[1]Свод!D26 -> да | E26: =[1]Свод!E26 -> нет | F26: =[1]Свод!F26 -> 1 | G26: ='[1]Воловский МО '!I26 -> 1 | H26: =[1]Грязинский!I26 -> 1 | I26: =[1]Данковский!I26 -> 1 | J26: =[1]Добринский!I26 -> 1 | K26: ='[1]Добровский МО'!I26 -> 1 | L26: =[1]Долгоруковский!I26 -> 1 | M26: =[1]Елецкий!I26 -> 1 | N26: =[1]Задонский!I26 -> 1 | O26: ='[1]Измалковский МО'!I26 -> 1 | P26: =[1]Краснинский!I26 -> 1 | Q26: =[1]Лебедянский!I26 -> 1 | R26: ='[1]Лев-Толстовский'!I26 -> 1 | S26: ='[1]Липецкий МО'!I26 -> 1 | T26: ='[1]Становлянский МО'!I26 -> 1 | U26: =[1]Тербунский!I26 -> 1 | V26: =[1]Усманский!I26 -> 1 | W26: =[1]Хлевенский!I26 -> 1 | X26: =[1]Чаплыгинский!I26 -> 1 | Y26: =[1]г.Елец!I26 -> 1 | Z26: =[1]г.Липецк!I26 -> 1
A27: =[1]Свод!A27 -> И19 | B27: =[1]Свод!B27 -> Утверждение и (или) актуализация плана по отмене неэффективных налоговых льгот (пониженных ставок по налогам), предоставленных органами местного самоуправления муниципального образования | C27: =[1]Свод!C27 -> В отчетном году в муниципальном образовании утвержден и (или) актуализирован план по отмене неэффективных налоговых льгот (пониженных ставок по налогам), предоставленных органами местного самоуправления муниципального образования | D27: =[1]Свод!D27 -> да | E27: =[1]Свод!E27 -> нет | F27: =[1]Свод!F27 -> 1 | G27: ='[1]Воловский МО '!I27 -> 1 | H27: =[1]Грязинский!I27 -> 1 | I27: =[1]Данковский!I27 -> 1 | J27: =[1]Добринский!I27 -> 1 | K27: ='[1]Добровский МО'!I27 -> 1 | L27: =[1]Долгоруковский!I27 -> 1 | M27: =[1]Елецкий!I27 -> 1 | N27: =[1]Задонский!I27 -> 1 | O27: ='[1]Измалковский МО'!I27 -> 1 | P27: =[1]Краснинский!I27 -> 1 | Q27: =[1]Лебедянский!I27 -> 1 | R27: ='[1]Лев-Толстовский'!I27 -> 1 | S27: ='[1]Липецкий МО'!I27 -> 1 | T27: ='[1]Становлянский МО'!I27 -> 1 | U27: =[1]Тербунский!I27 -> 1 | V27: =[1]Усманский!I27 -> 1 | W27: =[1]Хлевенский!I27 -> 1 | X27: =[1]Чаплыгинский!I27 -> 1 | Y27: =[1]г.Елец!I27 -> 1 | Z27: =[1]г.Липецк!I27 -> 1
A28: =[1]Свод!A28 -> И20 | B28: =[1]Свод!B28 -> Доля закупок для муниципальных нужд, осуществляемых на конкурентной основе в стоимостном выражении (конкурсы, аукционы, запрос котировок в электронной форме), в общем объеме муниципальных закупок | C28: =[1]Свод!C28 -> V = (A / B) * 100, где: A - закупок для муниципальных нужд, осуществляемых на конкурентной основе в стоимостном выражении; B - общий объем муниципальных закупок | D28: =[1]Свод!D28 -> 40 | E28: =[1]Свод!E28 -> 10 | F28: =[1]Свод!F28 -> 4 | G28: ='[1]Воловский МО '!I28 -> 3.0746667 | H28: =[1]Грязинский!I28 -> 4 | I28: =[1]Данковский!I28 -> 4 | J28: =[1]Добринский!I28 -> 4 | K28: ='[1]Добровский МО'!I28 -> 4 | L28: =[1]Долгоруковский!I28 -> 4 | M28: =[1]Елецкий!I28 -> 4 | N28: =[1]Задонский!I28 -> 4 | O28: ='[1]Измалковский МО'!I28 -> 2.1066667 | P28: =[1]Краснинский!I28 -> 2.9693333 | Q28: =[1]Лебедянский!I28 -> 3.7186667 | R28: ='[1]Лев-Толстовский'!I28 -> 0.984 | S28: ='[1]Липецкий МО'!I28 -> 3.8853333 | T28: ='[1]Становлянский МО'!I28 -> 3.912 | U28: =[1]Тербунский!I28 -> 4 | V28: =[1]Усманский!I28 -> 4 | W28: =[1]Хлевенский!I28 -> 1.9253333 | X28: =[1]Чаплыгинский!I28 -> 4 | Y28: =[1]г.Елец!I28 -> 1.7106667 | Z28: =[1]г.Липецк!I28 -> 4
A29: =[1]Свод!A29 -> И21 | B29: =[1]Свод!B29 -> Динамика роста полученных доходов от приносящей доход деятельности муниципальных учреждений | C29: =[1]Свод!C29 -> V = (A / B) * 100, где: A - доходы от приносящей доход деятельности муниципальных учреждений в отчетном финансовом году; B - доходы от приносящей доход деятельности муниципальных учреждений в предыдущем финансовом году. Для оперативной оценки учитывается уточненный план, для годовой - исполнение. | D29: =[1]Свод!D29 -> 105 | E29: =[1]Свод!E29 -> 100 | F29: =[1]Свод!F29 -> 5 | G29: ='[1]Воловский МО '!I29 -> 5 | H29: =[1]Грязинский!I29 -> 5 | I29: =[1]Данковский!I29 -> 5 | J29: =[1]Добринский!I29 -> 2.25 | K29: ='[1]Добровский МО'!I29 -> 5 | L29: =[1]Долгоруковский!I29 -> 0 | M29: =[1]Елецкий!I29 -> 5 | N29: =[1]Задонский!I29 -> 2.77 | O29: ='[1]Измалковский МО'!I29 -> 0 | P29: =[1]Краснинский!I29 -> 0 | Q29: =[1]Лебедянский!I29 -> 5 | R29: ='[1]Лев-Толстовский'!I29 -> 5 | S29: ='[1]Липецкий МО'!I29 -> 5 | T29: ='[1]Становлянский МО'!I29 -> 5 | U29: =[1]Тербунский!I29 -> 5 | V29: =[1]Усманский!I29 -> 5 | W29: =[1]Хлевенский!I29 -> 0 | X29: =[1]Чаплыгинский!I29 -> 5 | Y29: =[1]г.Елец!I29 -> 5 | Z29: =[1]г.Липецк!I29 -> 0
B30: Итого по блоку | F30: ='[1]Воловский МО '!H30 -> 35 | G30: ='[1]Воловский МО '!I30 -> 27.948 | H30: =[1]Грязинский!I30 -> 32.366 | I30: =[1]Данковский!I30 -> 28.163 | J30: =[1]Добринский!I30 -> 29.733333 | K30: ='[1]Добровский МО'!I30 -> 29.056333 | L30: =[1]Долгоруковский!I30 -> 25.108333 | M30: =[1]Елецкий!I30 -> 27.763 | N30: =[1]Задонский!I30 -> 24.457667 | O30: ='[1]Измалковский МО'!I30 -> 19.601667 | P30: =[1]Краснинский!I30 -> 21.015667 | Q30: =[1]Лебедянский!I30 -> 26.825667 | R30: ='[1]Лев-Толстовский'!I30 -> 22.976 | S30: ='[1]Липецкий МО'!I30 -> 30.242333 | T30: ='[1]Становлянский МО'!I30 -> 27.104 | U30: =[1]Тербунский!I30 -> 28.418 | V30: =[1]Усманский!I30 -> 30.418 | W30: =[1]Хлевенский!I30 -> 21.857667 | X30: =[1]Чаплыгинский!I30 -> 31.235 | Y30: =[1]г.Елец!I30 -> 27.584333 | Z30: =[1]г.Липецк!I30 -> 26.463 | AA30: =SUM(G30:Z30) -> 538.337
A31: IV. Степень прозрачности бюджетного процесса (открытость бюджетных данных)
A32: =[1]Свод!A32 -> И22 | B32: =[1]Свод!B32 -> Проведение публичных слушаний по проекту местного бюджета и проекту отчета об исполнении местного бюджета в соответствии с установленным порядком, размещение информации на официальных сайтах в сети «Интернет» | C32: =[1]Свод!C32 -> В отчетном году проводятся публичные слушания по проекту местного бюджета и проекту отчета об исполнении местного бюджета в соответствии с установленным порядком, информация размещается на официальных сайтах в сети Интернет | D32: =[1]Свод!D32 -> да | E32: =[1]Свод!E32 -> нет | F32: =[1]Свод!F32 -> 5 | G32: ='[1]Воловский МО '!I32 -> 5 | H32: =[1]Грязинский!I32 -> 5 | I32: =[1]Данковский!I32 -> 5 | J32: =[1]Добринский!I32 -> 5 | K32: ='[1]Добровский МО'!I32 -> 5 | L32: =[1]Долгоруковский!I32 -> 5 | M32: =[1]Елецкий!I32 -> 5 | N32: =[1]Задонский!I32 -> 5 | O32: ='[1]Измалковский МО'!I32 -> 5 | P32: =[1]Краснинский!I32 -> 5 | Q32: =[1]Лебедянский!I32 -> 5 | R32: ='[1]Лев-Толстовский'!I32 -> 5 | S32: ='[1]Липецкий МО'!I32 -> 5 | T32: ='[1]Становлянский МО'!I32 -> 5 | U32: =[1]Тербунский!I32 -> 5 | V32: =[1]Усманский!I32 -> 5 | W32: =[1]Хлевенский!I32 -> 5 | X32: =[1]Чаплыгинский!I32 -> 5 | Y32: =[1]г.Елец!I32 -> 5 | Z32: =[1]г.Липецк!I32 -> 5
A33: =[1]Свод!A33 -> И23 | B33: =[1]Свод!B33 -> Соотношение информации, сформированной и предоставленной финансовым органом муниципального образования для ее обработки и публикации на едином портале бюджетной системы Российской Федерации государственной интегрированной информационной системы управления общественными финансами "Электронный бюджет" в отчетном году, к информации, необходимой для опубликования в отчетном году: решение о местном бюджете; решения о внесении изменений в местный бюджет; решение об утверждении отчета об исполнении местного бюджета | C33: =[1]Свод!C33 -> V = A / B х 100, где A - объем информации, сформированной и предоставленной финансовым органом муниципального образования для ее обработки и публикации в отчетном году; B - объем информации, необходимой для формирования и предоставления финансовым органом муниципального образования для ее обработки и публикации в отчетном году. | D33: =[1]Свод!D33 -> 100 | E33: =[1]Свод!E33 -> 80 | F33: =[1]Свод!F33 -> 2 | G33: ='[1]Воловский МО '!I33 -> 2 | H33: =[1]Грязинский!I33 -> 2 | I33: =[1]Данковский!I33 -> 2 | J33: =[1]Добринский!I33 -> 2 | K33: ='[1]Добровский МО'!I33 -> 2 | L33: =[1]Долгоруковский!I33 -> 2 | M33: =[1]Елецкий!I33 -> 2 | N33: =[1]Задонский!I33 -> 2 | O33: ='[1]Измалковский МО'!I33 -> 2 | P33: =[1]Краснинский!I33 -> 2 | Q33: =[1]Лебедянский!I33 -> 2 | R33: ='[1]Лев-Толстовский'!I33 -> 2 | S33: ='[1]Липецкий МО'!I33 -> 0 | T33: ='[1]Становлянский МО'!I33 -> 2 | U33: =[1]Тербунский!I33 -> 2 | V33: =[1]Усманский!I33 -> 2 | W33: =[1]Хлевенский!I33 -> 2 | X33: =[1]Чаплыгинский!I33 -> 2 | Y33: =[1]г.Елец!I33 -> 2 | Z33: =[1]г.Липецк!I33 -> 2
A34: =[1]Свод!A34 -> И24 | B34: =[1]Свод!B34 -> Размещение на официальном сайте администрации муниципального образования в сети "Интернет": проекта местного бюджета; решения о местном бюджете; решений о внесении изменений в местный бюджет; промежуточной отчетности об исполнении местного бюджета (квартал, полугодие, 9 месяцев, год); решения об утверждении отчета об исполнении местного бюджета; сведений о заимствованиях местного бюджета; заключений контрольно-счетного органа на проект местного бюджета, решения о внесении изменений в местный бюджет, решение об утверждении отчета об исполнении местного бюджета | C34: =[1]Свод!C34 -> На официальном сайте администрации муниципального образования в сети Интернет размещены все указанные документы | D34: =[1]Свод!D34 -> да | E34: =[1]Свод!E34 -> нет | F34: =[1]Свод!F34 -> 4 | G34: ='[1]Воловский МО '!I34 -> 4 | H34: =[1]Грязинский!I34 -> 4 | I34: =[1]Данковский!I34 -> 4 | J34: =[1]Добринский!I34 -> 4 | K34: ='[1]Добровский МО'!I34 -> 4 | L34: =[1]Долгоруковский!I34 -> 4 | M34: =[1]Елецкий!I34 -> 4 | N34: =[1]Задонский!I34 -> 4 | O34: ='[1]Измалковский МО'!I34 -> 4 | P34: =[1]Краснинский!I34 -> 4 | Q34: =[1]Лебедянский!I34 -> 4 | R34: ='[1]Лев-Толстовский'!I34 -> 4 | S34: ='[1]Липецкий МО'!I34 -> 4 | T34: ='[1]Становлянский МО'!I34 -> 4 | U34: =[1]Тербунский!I34 -> 4 | V34: =[1]Усманский!I34 -> 4 | W34: =[1]Хлевенский!I34 -> 4 | X34: =[1]Чаплыгинский!I34 -> 4 | Y34: =[1]г.Елец!I34 -> 4 | Z34: =[1]г.Липецк!I34 -> 4
A35: =[1]Свод!A35 -> И25 | B35: =[1]Свод!B35 -> Размещение на официальном сайте администрации муниципального образования в сети "Интернет": проекта местного бюджета в доступной для граждан форме ("бюджет для граждан на основе проекта местного бюджета"); местного бюджета в доступной для граждан форме ("бюджет для граждан на основе решения о местном бюджете"); отчета об исполнении местного бюджета в доступной для граждан форме ("отчет для граждан"); сводного доклада о ходе реализации и оценки эффективности реализации муниципальных программ | C35: =[1]Свод!C35 -> На официальном сайте администрации муниципального образования в сети Интернет размещены все указанные документы | D35: =[1]Свод!D35 -> да | E35: =[1]Свод!E35 -> нет | F35: =[1]Свод!F35 -> 4 | G35: ='[1]Воловский МО '!I35 -> 4 | H35: =[1]Грязинский!I35 -> 4 | I35: =[1]Данковский!I35 -> 4 | J35: =[1]Добринский!I35 -> 4 | K35: ='[1]Добровский МО'!I35 -> 4 | L35: =[1]Долгоруковский!I35 -> 4 | M35: =[1]Елецкий!I35 -> 4 | N35: =[1]Задонский!I35 -> 4 | O35: ='[1]Измалковский МО'!I35 -> 4 | P35: =[1]Краснинский!I35 -> 4 | Q35: =[1]Лебедянский!I35 -> 4 | R35: ='[1]Лев-Толстовский'!I35 -> 4 | S35: ='[1]Липецкий МО'!I35 -> 4 | T35: ='[1]Становлянский МО'!I35 -> 4 | U35: =[1]Тербунский!I35 -> 4 | V35: =[1]Усманский!I35 -> 4 | W35: =[1]Хлевенский!I35 -> 4 | X35: =[1]Чаплыгинский!I35 -> 4 | Y35: =[1]г.Елец!I35 -> 4 | Z35: =[1]г.Липецк!I35 -> 4
A36: =[1]Свод!A36 -> И26 | B36: =[1]Свод!B36 -> Размещение на официальном сайте Российской Федерации в сети "Интернет" (https://bus.gov.ru/) информации о муниципальных учреждениях в сроки: до 1 марта текущего года: плановые документы (муниципальное задание, план финансово-хозяйственной деятельности, показатели бюджетной сметы); до 1 мая текущего года: отчетные документы (информация о результатах деятельности и об использовании имущества, годовая бухгалтерская отчетность) | C36: =[1]Свод!C36 -> На официальном сайте Российской Федерации в сети Интернет (https://bus.gov.ru/) вся информация о муниципальных учреждениях размещена в установленные сроки | D36: =[1]Свод!D36 -> да | E36: =[1]Свод!E36 -> нет | F36: =[1]Свод!F36 -> 4 | G36: ='[1]Воловский МО '!I36 -> 4 | H36: =[1]Грязинский!I36 -> 4 | I36: =[1]Данковский!I36 -> 4 | J36: =[1]Добринский!I36 -> 4 | K36: ='[1]Добровский МО'!I36 -> 4 | L36: =[1]Долгоруковский!I36 -> 4 | M36: =[1]Елецкий!I36 -> 4 | N36: =[1]Задонский!I36 -> 4 | O36: ='[1]Измалковский МО'!I36 -> 0 | P36: =[1]Краснинский!I36 -> 4 | Q36: =[1]Лебедянский!I36 -> 4 | R36: ='[1]Лев-Толстовский'!I36 -> 4 | S36: ='[1]Липецкий МО'!I36 -> 4 | T36: ='[1]Становлянский МО'!I36 -> 4 | U36: =[1]Тербунский!I36 -> 4 | V36: =[1]Усманский!I36 -> 4 | W36: =[1]Хлевенский!I36 -> 4 | X36: =[1]Чаплыгинский!I36 -> 4 | Y36: =[1]г.Елец!I36 -> 0 | Z36: =[1]г.Липецк!I36 -> 0
B37: Итого по блоку | F37: ='[1]Воловский МО '!H37 -> 19 | G37: ='[1]Воловский МО '!I37 -> 19 | H37: =[1]Грязинский!I37 -> 19 | I37: =[1]Данковский!I37 -> 19 | J37: =[1]Добринский!I37 -> 19 | K37: ='[1]Добровский МО'!I37 -> 19 | L37: =[1]Долгоруковский!I37 -> 19 | M37: =[1]Елецкий!I37 -> 19 | N37: =[1]Задонский!I37 -> 19 | O37: ='[1]Измалковский МО'!I37 -> 15 | P37: =[1]Краснинский!I37 -> 19 | Q37: =[1]Лебедянский!I37 -> 19 | R37: ='[1]Лев-Толстовский'!I37 -> 19 | S37: ='[1]Липецкий МО'!I37 -> 17 | T37: ='[1]Становлянский МО'!I37 -> 19 | U37: =[1]Тербунский!I37 -> 19 | V37: =[1]Усманский!I37 -> 19 | W37: =[1]Хлевенский!I37 -> 19 | X37: =[1]Чаплыгинский!I37 -> 19 | Y37: =[1]г.Елец!I37 -> 15 | Z37: =[1]г.Липецк!I37 -> 15 | AA37: =SUM(G37:Z37) -> 366
B39: ВСЕГО | F39: ='[1]Воловский МО '!H39 -> 100 | G39: ='[1]Воловский МО '!I39 -> 87.948 | H39: =[1]Грязинский!I39 -> 92.366 | I39: =[1]Данковский!I39 -> 88.163 | J39: =[1]Добринский!I39 -> 89.733333 | K39: ='[1]Добровский МО'!I39 -> 88.793833 | L39: =[1]Долгоруковский!I39 -> 88.870833 | M39: =[1]Елецкий!I39 -> 87.763 | N39: =[1]Задонский!I39 -> 82.215167 | O39: ='[1]Измалковский МО'!I39 -> 75.449167 | P39: =[1]Краснинский!I39 -> 81.015667 | Q39: =[1]Лебедянский!I39 -> 86.825667 | R39: ='[1]Лев-Толстовский'!I39 -> 84.86825 | S39: ='[1]Липецкий МО'!I39 -> 88.242333 | T39: ='[1]Становлянский МО'!I39 -> 87.104 | U39: =[1]Тербунский!I39 -> 88.418 | V39: =[1]Усманский!I39 -> 86.9805 | W39: =[1]Хлевенский!I39 -> 81.857667 | X39: =[1]Чаплыгинский!I39 -> 91.235 | Y39: =[1]г.Елец!I39 -> 87.813304 | Z39: =[1]г.Липецк!I39 -> 79.651971 | AA39: =SUM(G39:Z39) -> 1725.3147
